Construct Section Command Post
Selects Australian Defense Battlegroup
Selects Australian Light Infantry Section
Australian Light Infantry Section
Australian Light Infantry Section
Construct Platoon Command Post
Selects CMP 15cwt Supply Run
Unlock Bishop Self-propelled Artillery
Construct Company Command Post
Bishop Self-propelled Artillery
Unlock M3 Grant Medium Tanks
Selects Reinforced Resource Caches
Selects Charged Creeping Barrage
Selects Defensive Tactics
Australian Light Infantry Section
Selects Vehicle Over Repair